[Event "Championnat de France Universitaire 2022"]
[Site "Limoges, France"]
[Date "2022.02.05"]
[Round "1.2"]
[White "Cadieu, Corentin"]
[Black "Valles, Manuel"]
[Result "0-1"]
[TimeControl "15'+5''"]
[WhiteElo "1524"]
[BlackElo "2362"]

1. b3 a5 2. Bb2 d5 3. d4 a4 4.
e3 c6 5.
Nf3 Bf5 6. Bd3 e6 7. c4 Bb4+ 8. Bc3 axb3 9. Qxb3 Bxd3 10. Qxb4 Nd7 11. c5 Ne7 12. Nbd2 b6 13. Ne5 Nxe5 14.
dxe5 bxc5 15. Qxc5 O-O 16. Bb4 Re8 17. Qd4 Bb5 18. Bxe7 Qxe7 19. Nb3 Ra4 20. Qb2 Qb4+ 21. Qd2 Qxb3 22.
f4 Rea8 23. axb3 Rxa1+ 24. Kf2 R1a2 25. Qxa2 Rxa2+ 26. Kg3 g5 27. fxg5 Kg7 28. h4 Rb2 29. h5 Bd3 30. h6+ Kg6 31.
Kh4 Rxb3 32. Ra1 Rb4+ 33. e4 Bxe4 34. g4 Bf5 35. Ra8 Rxg4+ 36. Kh3 Ra4+ 0-1

[Event "Championnat de France Universitaire 2022"]
[Site "Limoges, France"]
[Date "2022.02.05"]
[Round "1.1"]
[White "Rakotomaharo, Fy Antenaina"]
[Black "Cellier, Cornelius"]
[Result "1-0"]
[TimeControl "15'+5''"]
[WhiteElo "2474"]
[BlackElo "1199"]

1. d4 Nf6 2. Nc3 g6 3. e4 d6 4. Be3 Bg7 5. Qd2 h5 6. h3 Bd7 7. e5 dxe5 8. dxe5 Ng8 9. f4 Qc8 10.
O-O-O Nc6 11. Bc4 Be6 12. Nd5 Bxd5 13. Bxd5 e6 14. Bxc6+ bxc6 15. Nf3 Ne7 16. Bc5 Nf5 17. g4 Ng3 18.
Rhe1 hxg4 19. hxg4 Bf8 20. Bxf8 Kxf8 21. Qg2 Nh5 22. gxh5 Rxh5 23. Rh1 Rxh1 24. Rxh1 Kg7 25. Qg5 1-0

[Event "Championnat de France Universitaire 2022"]
[Site "Limoges, France"]
[Date "2022.02.05"]
[Round "1.4"]
[White "Desit, Pierre-Louis"]
[Black "Gatineau, Yovann"]
[Result "0-1"]
[TimeControl "15'+5''"]
[WhiteElo "1199"]
[BlackElo "2384"]

1. e4 c5 2. c3 Nf6 3.
e5 Nd5 4. d4 cxd4 5. cxd4 d6 6. Bc4 Nb6 7. Bb3 Nc6 8.
Nf3 dxe5 9. Nxe5 e6 10. Qf3 Bb4+ 11. Nc3 O-O 12. Nxc6 bxc6 13. O-O Qxd4 14. Rd1 Qe5 15. Bf4 Qf5 16.
Ne4 Nd5 17. Bxd5 cxd5 18. Ng3 Qg6 19. a3 Be7 20. Rac1 Bf6 21. b4 e5 22. Bd2 Bg4 23. Qxd5 Rfd8 24. Qe4 Bxd1 25. Rxd1 Bg5 26.
Qxg6 hxg6 27. Nf1 Rd3 28. h3 Bh6 29. g4 Rad8 30. g5 Bxg5 0-1

[Event "Championnat de France Universitaire 2022"]
[Site "Limoges, France"]
[Date "2022.02.05"]
[Round "1.3"]
[White "Lafortune, Emerick"]
[Black "Scistri, Luca"]
[Result "1-0"]
[TimeControl "15'+5''"]
[WhiteElo "2270"]
[BlackElo "1519"]

1. Nf3 Nf6 2. c4 d5 3. cxd5 Nxd5 4. e4 Nb6 5. d4 Bg4 6. Be3 e5 7. d5 c6 8. Nc3 Bb4 9. Be2 Bxf3 10.
Bxf3 O-O 11. O-O cxd5 12. Nxd5 Nxd5 13. exd5 Bd6 14. Qb3 b6 15. Rac1 Nd7 16. Rfd1 Rc8 17. Rc6 Rxc6 18. dxc6 Nc5 19.
Bxc5 bxc5 20. Qd5 Be7 21. Qxe5 Qe8 1-0

[ePGN "0.1;DGT LiveChess/2.2.5"]

[Event "Championnat de France Universitaire 2022"]
[Site "Limoges, France"]
[Date "2022.02.05"]
[Round "2.4"]
[White "Gatineau, Yovann"]
[Black "Afraoui, Solenn"]
[Result "1-0"]
[TimeControl "15'+5''"]
[WhiteElo "2384"]
[BlackElo "1913"]

1. d4 Nf6 2. Bf4 e6 3.
e3 c5 4. Nd2 b6 5. Ngf3 Bb7 6.
Bd3 cxd4 7. exd4 Be7 8. h3 d6 9. c3 O-O 10. Qe2 Nbd7 11. O-O Re8 12. Rfe1 Bf8 13. Rad1 e5 14. dxe5 dxe5 15.
Bg5 h6 16. Bxf6 Qxf6 17. Ne4 Qc6 18. Bb5 Qxe4 19. Qxe4 Bxe4 20. Rxe4 Nf6 21. Bxe8 Nxe4 22. Bc6 Nxc3 23. bxc3 Rc8 24.
Bd5 Rxc3 25. Nxe5 g6 26. Bxf7+ Kg7 27. Bb3 Bc5 28. Kh2 Bxf2 29. Rd7+ Kf8 30. Rf7+ 1-0

[Event "Championnat de France Universitaire 2022"]
[Site "Limoges, France"]
[Date "2022.02.05"]
[Round "2.3"]
[White "Samson, Valentin"]
[Black "Lafortune, Emerick"]
[Result "0-1"]
[TimeControl "15'+5''"]
[WhiteElo "1813"]
[BlackElo "2270"]

1. e4 e5 2. Nf3 Nc6 3. d4 exd4 4. Nxd4 Bc5 5. Be3 Qf6 6. c3 Nge7 7. g3 d5 8. Bg2 dxe4 9. Nb5 Bxe3 10. Nxc7+ Kf8 11. O-O Rb8 12. fxe3 Qe5 13.
Qb3 f5 14. Nb5 Be6 15. Qa4 g6 16. N1a3 Kg7 17. Nc2 Bf7 18. Nxa7 Ra8 19. Nxc6 Nxc6 0-1

[Event "Championnat de France Universitaire 2022"]
[Site "Limoges, France"]
[Date "2022.02.05"]
[Round "2.1"]
[White "Tomasi, Elise"]
[Black "Rakotomaharo, Fy Antenaina"]
[Result "0-1"]
[TimeControl "15'+5''"]
[WhiteElo "1988"]
[BlackElo "2474"]

1. d4 Nf6 2. Nf3 g6 3. g3 d5 4. Bg2 Bg7 5. O-O O-O 6. c4 c6 7. Qb3 a5 8. Nc3 dxc4 9. Qxc4 Bf5 10. Ne5 Nbd7 11. Nxd7 Qxd7 12.
e4 Be6 13. Qd3 Rfd8 14. Be3 Ng4 15. Rad1 a4 16. Qc2 Nxe3 17. fxe3 b5 18. Rd2 Bc4 19. Rfd1 Bh6 20. Kf2 Qe6 21.
e5 b4 22. Ne4 Qf5+ 23. Bf3 Bxa2 24. g4 Qc8 25. Rc1 Bd5 26. Ng3 a3 27. bxa3 Rxa3 28. Rd3 Ra2 0-1

[Event "Championnat de France Universitaire 2022"]
[Site "Limoges, France"]
[Date "2022.02.05"]
[Round "2.2"]
[White "Valles, Manuel"]
[Black "Le Corronc, Yohan"]
[Result "1-0"]
[TimeControl "15'+5''"]
[WhiteElo "2362"]
[BlackElo "1880"]

1. e4 c6 2. d4 d5 3. Nc3 dxe4 4. Nxe4 Bf5 5. Ng3 Bg6 6. f4 e6 7. Nf3 Nd7 8. Bd3 Bxd3 9. Qxd3 Ngf6 10.
O-O g6 11. f5 gxf5 12. Bg5 Qa5 13. Ne5 Bg7 14. Nc4 Qd5 15. Nxf5 O-O 16. Ne7+ Kh8 17. Nxd5 1-0

[ePGN "0.1;DGT LiveChess/2.2.5"]

[Event "Championnat de France Universitaire 2022"]
[Site "Limoges, France"]
[Date "2022.02.05"]
[Round "3.3"]
[White "Lafortune, Emerick"]
[Black "Afraoui, Anaelle"]
[Result "0-1"]
[TimeControl "15'+5''"]
[WhiteElo "2270"]
[BlackElo "2124"]

1. Nf3 Nf6 2. c4 g6 3. g3 Bg7 4.
Bg2 O-O 5. O-O d6 6. d4 Nbd7 7.
d5 a5 8.
Nc3 Nc5 9. Nd4 e5 10. dxe6 fxe6 11. b3 e5 12. Nc2 Be6 13. Ne3 Qd7 14. Ned5 Rf7 15. Nxf6+ Bxf6 16. Be3 c6 17. Bxc5 dxc5 18.
Qxd7 Rxd7 19. Na4 Rd2 20. Nxc5 Bf5 21. Nxb7 e4 22. Rad1 Rxe2 23. f3 e3 24. f4 Rxg2+ 25. Kxg2 e2 26. Rd6 Bh3+ 27. Kxh3 exf1=Q+ 28. Kg4 h5# 0-1

[Event "Championnat de France Universitaire 2022"]
[Site "Limoges, France"]
[Date "2022.02.05"]
[Round "3.5"]
[White "Profili, Emilio"]
[Black "Blanchet, Mathieu"]
[Result "1-0"]
[TimeControl "15'+5''"]
[WhiteElo "2097"]
[BlackElo "1977"]

1. e4 d6 2. d4 Nf6 3.
Nc3 e5 4. Nge2 Be7 5. f3 O-O 6. Be3 c6 7. a4 b6 8. Ng3 Qc7 9. Bc4 Re8 10. O-O Bf8 11. Kh1 a6 12. Qd2 Be6 13.
d5 cxd5 14. Bxd5 Nxd5 15. exd5 Bc8 16. f4 Nd7 17. Qf2 exf4 18. Bxf4 Nf6 19. Bg5 Ng4 20. Qd2 h6 21. Bf4 Ne5 22.
Bxe5 Rxe5 23. Rf4 Bd7 24. Raf1 f6 25. Nge4 Rae8 26. Qf2 f5 27. Ng3 g5 28. Rb4 Qc5 29. Rxb6 Qxf2 30. Rxf2 Re1+ 31.
Nf1 Bg7 32. Rb4 f4 33. h3 a5 34.
Rc4 Bf5 35. Nb5 Be5 36. Nd4 Be4 37. Nc6 Bxd5 38. Nxe5 Bxc4 39. Nxc4 R8e2 40. Rxe2 Rxe2 41. c3 d5 42. Nxa5 Rxb2 43. Nc6 Rc2 44. Ne7+ Kf7 45. Nxd5 Ke6 46. Nb6 Ra2 47. Kg1 Kd6 48. Nh2 Kc5 49.
Nd7+ Kc4 50. Ng4 Kxc3 51. Nxh6 Rxa4 52. Kf2 Kd4 53. Nf5+ Kc3 54. Kf3 Ra2 55. Ne5 Kb4 56. Nf7 Ra3+ 57.
Kg4 Kc4 58. Nxg5 Kd5 59. Kxf4 Ra4+ 60. Kf3 Ke5 61. Ne3 Rb4 62. g4 Rf4+ 63. Kg3 Ra4 64. Nf3+ Kf6 65. h4 Ra3 66. Nd5+ Ke6 67. Nf4+ Kf6 68. h5 Ra5 69. Nh3 Ra3 70. Nf2 Ra4 71.
Nd3 Rd4 72. Nxd4 1-0

[Event "Championnat de France Universitaire 2022"]
[Site "Limoges, France"]
[Date "2022.02.05"]
[Round "3.1"]
[White "Rakotomaharo, Fy Antenaina"]
[Black "Bosc, Gabriel"]
[Result "1-0"]
[TimeControl "15'+5''"]
[WhiteElo "2474"]
[BlackElo "2050"]

1. e4 c5 2. Nf3 Nc6 3.
d4 cxd4 4. Nxd4 Nf6 5. Nc3 e5 6. Ndb5 d6 7. Nd5 Nxd5 8. exd5 Nb8 9. Qf3 Be7 10. Qc3 Na6 11. Be3 f5 12. f3 O-O 13. Nxa7 Bf6 14. Bxa6 bxa6 15.
Nc6 Qd7 16. O-O Bb7 17. Qb3 Rfc8 18. Na5 Rcb8 19. Rad1 Kh8 20. Qa3 Be7 21. c4 Rc8 22. Rd2 Rab8 23. Rfd1 Ba8 24. b4 Bd8 25.
c5 Qb5 26. c6 Qxb4 27. Qxb4 Rxb4 28. Nb3 a5 29. Rc2 a4 30.
Nd2 Bb7 31. Nc4 Ba6 32. Nxd6 f4 33. Bc5 Rcb8 34. Bxb4 Rxb4 35. c7 1-0

[Event "Championnat de France Universitaire 2022"]
[Site "Limoges, France"]
[Date "2022.02.05"]
[Round "3.2"]
[White "Lux, Hugo De Melo"]
[Black "Valles, Manuel"]
[Result "0-1"]
[TimeControl "15'+5''"]
[WhiteElo "2326"]
[BlackElo "2362"]

1. e4 c5 2. Nf3 e6 3.
b3 Nc6 4. Bb2 d6 5. g3 e5 6. c3 Nf6 7. Qe2 Be7 8. Bg2 O-O 9. d4 exd4 10. cxd4 Bg4 11. d5 Nd4 12. Qd3 Bxf3 13.
Bxf3 Nd7 14. Bg2 Ne5 15. Qd1 Qa5+ 16. Bc3 Qa6 17. Rf1 Bf6 18. f4 Nd3+ 19. Kd2 Nb4 20. a3 Qd3+ 21. Ke1 Nbc2+ 22. Kf2 Qe3# 0-1

[Event "Championnat de France Universitaire 2022"]
[Site "Limoges, France"]
[Date "2022.02.05"]
[Round "3.4"]
[White "Chiche, Thibaut"]
[Black "Gatineau, Yovann"]
[Result "0-1"]
[TimeControl "15'+5''"]
[WhiteElo "1955"]
[BlackElo "2384"]

1. Nf3 d5 2. g3 Nf6 3. Bg2 g6 4. b3 Bg7 5. Bb2 O-O 6. c4 c6 7. O-O a5 8. Qc2 Na6 9. a3 Re8 10. d3 Bf5 11.
Nbd2 Qd7 12. Rfe1 Bh3 13. e4 Bxg2 14. Kxg2 dxe4 15. Nxe4 Nxe4 16. dxe4 Bxb2 17. Rad1 Qe6 18. Qxb2 Rad8 19.
Rd4 Nc5 20. b4 axb4 21. Qxb4 Nd3 22. Rxd8 Rxd8 23. Qb6 Nxe1+ 0-1

[ePGN "0.1;DGT LiveChess/2.2.5"]

[Event "Championnat de France Universitaire 2022"]
[Site "Limoges, France"]
[Date "2022.02.05"]
[Round "4.2"]
[White "Valles, Manuel"]
[Black "Derige Kane, Yan"]
[Result "0-1"]
[TimeControl "15'+5''"]
[WhiteElo "2362"]
[BlackElo "2148"]

1. d4 d5 2. c4 e6 3.
Nf3 a6 4. e3 Nf6 5. Nc3 dxc4 6. Bxc4 b5 7. Bb3 Bb7 8. O-O Nbd7 9. Re1 c5 10. e4 b4 11. e5 bxc3 12. exf6 Nxf6 13. bxc3 Be7 14. Ba4+ Kf8 15. c4 Qc7 16.
Qe2 Rd8 17. d5 exd5 18. Bf4 Bd6 19.
Rab1 Bxf4 20. Rxb7 Qxb7 21. Qe8+ Nxe8 22.
Bb3 0-1

[Event "Championnat de France Universitaire 2022"]
[Site "Limoges, France"]
[Date "2022.02.05"]
[Round "4.3"]
[White "Gatineau, Yovann"]
[Black "Albaric, Etienne"]
[Result "0-1"]
[TimeControl "15'+5''"]
[WhiteElo "2384"]
[BlackElo "2235"]

1. d4 Nf6 2. Nf3 e6 3.
c4 Bb4+ 4. Bd2 Bxd2+ 5. Qxd2 d5 6. Nc3 O-O 7. g3 Qe7 8.
Bg2 Rd8 9. O-O dxc4 10. e4 c6 11. a4 b6 12. Qe2 Ba6 13. Rad1 Nbd7 14. Rfe1 e5 15. Nxe5 Nxe5 16. dxe5 Qxe5 17.
f4 Qc5+ 18. Kh1 Rd3 19. e5 Nd5 20. e6 Rf8 21. exf7+ Rxf7 22. Qe8+ Rf8 23. Qe6+ Kh8 24. Be4 Rxd1 25. Rxd1 Nf6 26.
Bg2 Bc8 27. Qxc6 Qe3 28. Qd6 Re8 29. Qc6 Ng4 30. Rf1 Rf8 31. Qf3 Qc5 32. h3 Ne3 33. Re1 Nxg2 34. Kxg2 Bd7 35. Qe3 Bc6+ 36.
Kf2 Qf5 37. Qe6 Qc5+ 38. Qe3 Qh5 39.
g4 Qh4+ 40. Kg1 h5 41. f5 Re8 42. Qxe8+
Bxe8 43. Rxe8+ Kh7 44.
Re4 Qg3+ 45. Kf1 Qxh3+ 46. Kf2 hxg4 47. Ne2 Qf3+ 48. Ke1 0-1

[Event "Championnat de France Universitaire 2022"]
[Site "Limoges, France"]
[Date "2022.02.05"]
[Round "4.4"]
[White "Gault, Emmanuel"]
[Black "Profili, Emilio"]
[Result "1-0"]
[TimeControl "15'+5''"]
[WhiteElo "2041"]
[BlackElo "2097"]

1. c4 Nf6 2. Nc3 d5 3. cxd5 Nxd5 4. g3 Nb6 5. Bg2 g6 6. b3 Bg7 7. Bb2 O-O 8. Nf3 c6 9. O-O N8d7 10. Rc1 Re8 11. Qc2 Nf6 12. d3 Be6 13. Nd2 Qc8 14.
Rfd1 Bh3 15. Bh1 Qf5 16. Nce4 Ng4 17. Bxg7 Kxg7 18. Nf3 f6 19. Qb2 e5 20. Nd6 Qh5 21. Nxe8+ Rxe8 22. Qa3 Nc8 23.
Rc4 f5 24. Qb2 Kg8 25. Bg2 Bxg2 26. Kxg2 e4 27. dxe4 fxe4 28. Nh4 g5 29. Rd7 Ne5 30. Rxb7 Nd6 31. Nf5 Nxf5 32. Rc5 Nf3 33.
h3 g4 34. h4 Ne5 35. Rxe5 Rxe5 36. Rb8+ Re8 37. Rxe8+ Qxe8 38. Qf6 Ng7 39. Qg5 h5 40. e3 Kh7 41. Qa5 Qf7 42. Kg1 Nf5 43.
Qe5 Qd5 44. Qc7+ Kg6 45. Qxa7 Qd1+ 46. Kg2 Qf3+ 47. Kg1 Qd1+ 48. Kg2 Qc2 49. b4 Kf6 50. a4 Ne7 51. Qd4+ Ke6 52. a5 Nf5 53.
Qb6 Nd6 54. a6 Qa4 55. a7 Kd7 56. Qb8 Qd1 57. a8=Q Qf3+ 58. Kg1 Qd1+ 59. Kh2 Qf3 60. Qd8+ Ke6 61. Qg8+ Nf7 62. Qxc6+ Ke7 63.
Qge8# 1-0

[Event "Championnat de France Universitaire 2022"]
[Site "Limoges, France"]
[Date "2022.02.05"]
[Round "4.1"]
[White "Aghamir Alrobiai, Nizar"]
[Black "Rakotomaharo, Fy Antenaina"]
[Result "0-1"]
[TimeControl "15'+5''"]
[WhiteElo "2118"]
[BlackElo "2474"]

1. e4 e5 2. Nf3 Nc6 3. Bb5 a6 4.
Ba4 Bc5 5. O-O Nge7 6. c3 Ng6 7. d4 Ba7 8. Re1 O-O 9. Be3 d6 10. Bxc6 bxc6 11. dxe5 dxe5 12. Na3 Qf6 13. Bxa7 Rxa7 14.
Nc4 Bg4 15. Ne3 Bxf3 16. Qxf3 Qxf3 17. gxf3 Nh4 18. Red1 Nxf3+ 19. Kg2 Ng5 20. Rd7 Nxe4 21. Nc4 Rb7 22. b3 f6 23. Na5 Rb5 24.
Nxc6 Rc5 25. Ne7+ Kf7 26. Rad1 Ke6 27. b4 Rxc3 28. Nd5 Kxd7 29. Nxc3+ Nd6 30. Nd5 a5 31. b5 a4 32. Nc3 Ra8 33. h4 Ke6 34. Rb1 Nc4 35. Rb4 Nb6 36.
Rg4 g6 37. h5 f5 38. Rg3 Rg8 39. Kf1 g5 40. Rd3 g4 41. Ne2 f4 42. Rc3 Nd5 43. Rc6+ Kf5 44. Ra6 g3 45. fxg3 f3 46. Nc1 Rxg3 47. Rxa4 Rg2 48.
Nd3 Ne3+ 49. Ke1 Re2# 0-1

[Event "Championnat de France Universitaire 2022"]
[Site "Limoges, France"]
[Date "2022.02.05"]
[Round "4.5"]
[White "Bouslimi, Nabil"]
[Black "Fonte Sanchez, Claudia"]
[Result "1-0"]
[TimeControl "15'+5''"]
[WhiteElo "2052"]
[BlackElo "2003"]

1. d4 d5 2. c4 e6 3. Nc3 c6 4.
e3 Nf6 5. Nf3 Be7 6. Be2 Nbd7 7.
O-O O-O 8. a3 Rb8 9. Qa4 a6 10. c5 Qc7 11. b4 e5 12. dxe5 Nxe5 13. Nxe5 Qxe5 14. Bb2 Qc7 15. Qc2 Be6 16.
h3 Rbd8 17. Bd3 g6 18. Ne2 Nd7 19. Nd4 Bf6 20. Rad1 Ne5 21. Be2 Bg7 22. f4 Nc4 23. Bxc4 Bxd4 24. Rxd4 dxc4 25. Qc3 f6 26.
Rfd1 Rde8 27. Rd6 Rf7 28. e4 Qe7 29. R1d4 Ref8 30. Qg3 Kh8 31. e5 fxe5 32. Re4 1-0

[ePGN "0.1;DGT LiveChess/2.2.5"]

[Event "Championnat de France Universitaire 2022"]
[Site "Limoges, France"]
[Date "2022.02.05"]
[Round "5.4"]
[White "Albaric, Etienne"]
[Black "Valles, Manuel"]
[Result "1/2-1/2"]
[TimeControl "15'+5''"]
[WhiteElo "2235"]
[BlackElo "2362"]

1. e4 c5 2. Nf3 e6 3.
d4 cxd4 4. Nxd4 Nf6 5. Nc3 Nc6 6. Nxc6 bxc6 7. e5 Nd5 8. Ne4 Qc7 9. f4 Qb6 10. c4 Bb4+ 11.
Ke2 f5 12. Nf2 Ba6 13. Kf3 Ne7 14. Be3 Bc5 15. Bxc5 Qxc5 16. Qd6 Qa5 17. Rd1 Qxa2 18. Qxd7+ Kf7 19. Qd4 Rhd8 20. Qc3 Rxd1 21. Nxd1 Rb8 22. Kf2 c5 23. Be2 Nc6 24. g4 fxg4 25.
f5 exf5 26. e6+ Kg8 27. Qg3 Bxc4 28.
Nc3 Qxb2 29. Rb1 f4 30. Qxf4 Qxb1 31.
Nxb1 Rf8 32. Qxf8+ Kxf8 33. Bxc4 Ke7 34. Nc3 Nd4 35. Kg3 Nxe6 36. Kxg4 Nd4 37. Ne4 Nc2 38. Bd3 Na3 39. Nxc5 h6 40. Kf4 Kd6 41. Ne4+ Kd5 42.
Nd2 a5 43. Bg6 Nb5 44. Be8 Nd6 45. Bd7 Kc5 46. Ke3 Kd5 47. Kd3 Ke5 48. Ke3 Kd5 49. Ba4 Nf5+ 50. Kd3 Nd4 51. h4 g5 52.
h5 Nf5 53. Ne4 Ke5 54. Bd1 Ng7 55.
Nf2 Kf4 56. Kc4 Kg3 57. Ne4+ Kh4 58. Nf6 g4 59. Nxg4 Nxh5 60. Kb5 Kg5 61. Kxa5 Nf6 62. Nxf6 Kxf6 1/2-1/2

[Event "Championnat de France Universitaire 2022"]
[Site "Limoges, France"]
[Date "2022.02.05"]
[Round "5.2"]
[White "Derige Kane, Yan"]
[Black "Bouslimi, Nabil"]
[Result "1-0"]
[TimeControl "15'+5''"]
[WhiteElo "2148"]
[BlackElo "2052"]

1. d4 Nf6 2. Bg5 d5 3.
Nd2 e6 4. e3 Be7 5. Bd3 Nbd7 6. f4 c5 7. c3 Rb8 8. Ngf3 h6 9. Bxf6 Bxf6 10. O-O b5 11. Ne5 Qb6 12. Qh5 O-O 13. Ndf3 Bd8 14. Nxd7 Bxd7 15.
g4 Be8 16. Qh3 f6 17. g5 f5 18.
gxh6 g6 19. Kh1 Kh7 20. Rg1 Bf6 21. Rg2 b4 22. Rag1 Bf7 23. Ng5+ Bxg5 24. Rxg5 Rg8 25. Qg3 Qd8 26. h4 c4 27. Be2 bxc3 28. bxc3 Rb2 29. Bf3 Qf8 30. h5 Qxh6 31. Qh4 Rxa2 32. R1g3 gxh5 33. Rxg8 Bxg8 34. Qe7+ Kh8 35. Qe8 Qh7 36. Rg5 Ra1+ 37.
Kh2 Qf7 38. Rxh5+ Kg7 39. Rg5+ Kh8 40. Qd8 Ra2+ 41. Kg3 Ra1 42. Rh5+ Kg7 43. Rg5+ Kh8 44. Kh3 Rf1 45. Kg2 Rc1 46. Rh5+ Kg7 47. Rg5+ Kh8 48. Bh5 Rc2+ 49. Kf3 Qg7 50. Rxg7 Kxg7 51. Qe7+ Kh6 52. Qg5+ Kh7 53. Bg6+ 1-0

[Event "Championnat de France Universitaire 2022"]
[Site "Limoges, France"]
[Date "2022.02.05"]
[Round "5.1"]
[White "Rakotomaharo, Fy Antenaina"]
[Black "Gault, Emmanuel"]
[Result "1-0"]
[TimeControl "15'+5''"]
[WhiteElo "2474"]
[BlackElo "2041"]

1. e4 c5 2. Nf3 Nc6 3. Nc3 g6 4.
d4 cxd4 5. Nxd4 Bg7 6. Be3 Nf6 7. Bc4 O-O 8. Bb3 Re8 9. f3 e6 10. f4 d5 11. e5 Nd7 12. h4 f6 13. Nxe6 Rxe6 14. Qxd5 Nf8 15. Qxd8 Nxd8 16. O-O-O Nc6 17.
exf6 Bxf6 18. Ne4 Kg7 19. Bxe6 Bxe6 20. h5 Be7 21. hxg6 hxg6 22. Bd2 Bb4 23. Bxb4 Nxb4 24. a3 Nc6 25.
Nc5 Bg4 26. Rd6 Na5 27. Rh4 Be2 28. Ne6+ Nxe6 29. Rxe6 Bc4 30. Re7+ Kf6 31. Rc7 Ba6 32. Rhh7 Rf8 33. g4 Nc4 34. a4 Ne3 35. b4 Bf1 36.
Rxb7 Nxg4 37. Rxa7 Ke6 38. Rhe7+ Kd5 39. Rf7 Rc8 40. b5 Ne3 41. Rac7 Ra8 42. b6 Rxa4 43. b7 Rb4 44. Rc8 Ke4 45.
b8=Q Rxb8 46. Rxb8 Nd5 47. Re8+ Kd4 48. Re6 Be2 49. Rxe2 1-0

[Event "Championnat de France Universitaire 2022"]
[Site "Limoges, France"]
[Date "2022.02.05"]
[Round "5.5"]
[White "Randrianarimanana, Alicia"]
[Black "Gatineau, Yovann"]
[Result "0-1"]
[TimeControl "15'+5''"]
[WhiteElo "1985"]
[BlackElo "2384"]

1. d4 f5 2. c4 Nf6 3. Nc3 e6 4. g3 Bb4 5. Qc2 O-O 6. Bg2 d6 7. Nf3 Ne4 8.
Bd2 Bxc3 9. Bxc3 a5 10. O-O Rf6 11. Rab1 Bd7 12. Rfd1 Be8 13. Nd2 Nxc3 14. bxc3 Bc6 15. d5 exd5 16.
cxd5 Bd7 17. Rxb7 Na6 18. Rdb1 Nc5 19. R7b2 Na4 20. Rb3 Nc5 21. R3b2 Qe8 22. e3 Rf8 23. Re1 Qg6 24. Nf3 Qf6 25.
Nd4 Rae8 26. Rbb1 Qe5 27. Qd1 h6 28. c4 g5 29. Qh5 Kg7 30. h4 g4 31. f4 Qf6 32. Rb2 Nd3 33. Rbe2 Nxe1 34.
Rxe1 Qxd4 35. exd4 Rxe1+ 36. Kf2 Re7 37. c5 Be8 38. Qxe8 Rfxe8 39. Bf1 Re3 40. Bb5 Rf3+ 41. Kg2 Ree3 42. cxd6 cxd6 0-1

[Event "Championnat de France Universitaire 2022"]
[Site "Limoges, France"]
[Date "2022.02.05"]
[Round "5.3"]
[White "Defromont, Benjamin"]
[Black "Marchais, Antoine"]
[Result "1-0"]
[TimeControl "15'+5''"]
[WhiteElo "2263"]
[BlackElo "1981"]

1. e4 e6 2. d4 d5 3. Nc3 Nf6 4. e5 Nfd7 5. f4 c5 6. Nf3 Nc6 7. Be3 cxd4 8. Nxd4 Bc5 9. Qd2 Nxd4 10. Bxd4 Bxd4 11. Qxd4 Qb6 12. Nb5 Qxd4 13. Nxd4 a6 14. O-O-O Ke7 15.
Bd3 g6 16. g4 h5 17. h3 Nc5 18.
Rde1 hxg4 19. hxg4 Bd7 20. Kb1 Rag8 21. Kc1 Rc8 22. Kd2 Rcf8 23. Nf3 Bc6 24. Nd4 Bd7 25. Ke3 Rfg8 26. Nf3 Bc6 27. Kd4 b6 28. Ng5 a5 29. Rh7 Rxh7 30. Nxh7 Rh8 31. Rh1 Nd7 32. Rh3 Nf8 33. Ng5 Rxh3 34. Nxh3 Nd7 35. Ng1 Nc5 36. b3 Be8 37. Nf3 Bc6 38. a3 Bd7 39. Nd2 f5 40. exf6+ Kxf6 41. Nf3 Nxd3 42. Kxd3 Bb5+ 43. Ke3 Bf1 44. g5+ Kg7 45.
Ne5 Bh3 46. Nd7 Bf5 47. c3 b5 48. Kd4 Kf7 49. Ne5+ Ke7 50. Kc5 a4 51. b4 Kd8 52. Kxb5 Bc2 53. Kc6 Kc8 54. Kd6 1-0

[ePGN "0.1;DGT LiveChess/2.2.5"]

[Event "Championnat de France Universitaire 2022"]
[Site "Limoges, France"]
[Date "2022.02.05"]
[Round "6.1"]
[White "Derige Kane, Yan"]
[Black "Rakotomaharo, Fy Antenaina"]
[Result "0-1"]
[TimeControl "15'+5''"]
[WhiteElo "2148"]
[BlackElo "2474"]

1. d4 Nf6 2. Bg5 d5 3. Nd2 c5 4. dxc5 Qa5 5.
Bxf6 gxf6 6. Ngf3 Nc6 7. c3 Qxc5 8. g3 e5 9. Nb3 Qd6 10. Bg2 Be6 11. Qd2 O-O-O 12. O-O Kb8 13. Rad1 h5 14.
Nh4 f5 15. Qc2 e4 16. f3 Qe5 17. Nd4 Be7 18. Nxe6 Qxe6 19. fxe4 fxe4 20. Nf5 h4 21. Qd2 Bc5+ 22. e3 hxg3 23.
hxg3 Ne5 24. Qe2 Rdg8 25. Rf4 Rg5 26. Nd4 Bxd4 27. exd4 Nd3 28. Qe3 Rhg8 29. Rxd3 exd3 30. Qxe6 fxe6 31. Rf2 Rxg3 0-1

[Event "Championnat de France Universitaire 2022"]
[Site "Limoges, France"]
[Date "2022.02.05"]
[Round "6.4"]
[White "Gatineau, Yovann"]
[Black "Lux, Hugo De Melo"]
[Result "1-0"]
[TimeControl "15'+5''"]
[WhiteElo "2384"]
[BlackElo "2326"]

1. d4 Nf6 2. Bf4 e6 3. e3 b6 4. Nf3 Bb7 5.
Nbd2 d6 6. c3 Nbd7 7. h3 Qe7 8. Qa4 g6 9. Ba6 Bxa6 10. Qxa6 Bg7 11. O-O O-O 12. a4 e5 13. Bh2 Rfc8 14.
Rfd1 e4 15. Ne1 Nd5 16. a5 f5 17. Qb7 c6 18. axb6 a5 19. Rxa5 Rab8 20. Qa6 N7xb6 21. Qe2 Rb7 22. Nc2 Nd7 23.
Nc4 1-0

[Event "Championnat de France Universitaire 2022"]
[Site "Limoges, France"]
[Date "2022.02.05"]
[Round "6.2"]
[White "Albaric, Etienne"]
[Black "Defromont, Benjamin"]
[Result "1/2-1/2"]
[TimeControl "15'+5''"]
[WhiteElo "2235"]
[BlackElo "2263"]

1. e4 e5 2. Nf3 Nc6 3. Bc4 Bc5 4. c3 Nf6 5. d3 h6 6.
Nbd2 d6 7. a4 a6 8. b4 Ba7 9. Qb3 O-O 10. h3 Ne7 11. O-O c6 12. Qd1 d5 13. Bb3 Ng6 14. exd5 cxd5 15. d4 e4 16. Ne5 Qc7 17. Nxg6 fxg6 18.
Nxe4 Nxe4 19. Bxd5+ Kh8 20. Bxe4 Bb8 21. f4 Qxc3 22. Ra3 Qxb4 23. Rg3 Ba7 24. Rxg6 Qxd4+ 25. Qxd4 Bxd4+ 26. Kh1 Bf5 27. Bxf5 Rxf5 28. g4 Rf6 29.
Rxf6 Bxf6 30. Rd1 Rd8 31. Rxd8+ Bxd8 32. Kg2 Kg8 33. Kf3 Kf7 34.
Ke4 Ke6 35. f5+ Kf7 36. Kd5 Be7 37. Bd2 Bf8 38. a5 Be7 39. Bc3 Bf8 40. Be5 Bb4 41. Bc7 Be7 42. Bd6 Bd8 43. Bb4 Bc7 44. Bd2 Bb8 45. h4 Bg3 46. h5 Bc7 47. Bc3 Bb8 48. Kc5 Bc7 49. Kd5 Bb8 50. Be5 Ba7 51. Bc7 Bf2 52. Kd6 Be1 53.
Kd7 Kf6 54. Bd8+ Ke5 55. Kc8 Kf4 56. Kxb7 Kxg4 57. Kxa6 Kxf5 58. Kb5 Bxa5 59. Bxa5 Kg4 60. Bc3 Kxh5 61. Bxg7 Kg6 62. Bxh6 1/2-1/2

[Event "Championnat de France Universitaire 2022"]
[Site "Limoges, France"]
[Date "2022.02.05"]
[Round "6.3"]
[White "Bosc, Gabriel"]
[Black "Lafortune, Emerick"]
[Result "1-0"]
[TimeControl "15'+5''"]
[WhiteElo "2050"]
[BlackElo "2270"]

1. e4 e5 2. Nf3 Nc6 3. Bc4 Bc5 4. O-O Nf6 5. d4 Bxd4 6. Nxd4 Nxd4 7. Bg5 h6 8. Bh4 g5 9. f4 Nxe4 10. fxe5 d5 11. Qxd4 dxc4 12.
Qxe4 gxh4 13. Nc3 c6 14. Rad1 Qb6+ 15. Kh1 Be6 16. Rf6 Rg8 17. Qh7 Ke7 18. Qxh6 Bg4 19. Qxh4 Bxd1 20. Rxc6+ Kf8 21.
Rxb6 axb6 22. Nxd1 Rxa2 23. Qd8+ Kg7 24.
Qf6+ Kf8 25. e6 Rg7 26. Qd8# 1-0

[Event "Championnat de France Universitaire 2022"]
[Site "Limoges, France"]
[Date "2022.02.05"]
[Round "6.5"]
[White "Marchais, Antoine"]
[Black "Profili, Emilio"]
[Result "0-1"]
[TimeControl "15'+5''"]
[WhiteElo "1981"]
[BlackElo "2097"]

1. e4 e6 2. d4 d5 3. e5 c5 4. Nf3 Nc6 5. Bd3 Bd7 6. O-O Rc8 7. a3 cxd4 8. b4 f6 9. Qe2 fxe5 10. Nxe5 Nxe5 11.
Qxe5 Qf6 12. Qg3 Nh6 13. Bg5 Qf7 14. Qe5 Ng4 15. Qxd4 Qh5 16. Bf4 Be7 17. Qxa7 O-O 18. Bg3 Bf6 19.
Ra2 Be5 20. h3 Bxg3 21. fxg3 Ne5 22. Qe3 Rxf1+ 23. Bxf1 Rf8 24. Be2 Qf5 25. Nd2 Ba4 26. g4 Qf6 27. c4 Rd8 28. cxd5 exd5 29.
Nf3 Re8 30. Nxe5 Rxe5 31. Qf3 Qe7 32.
Bd3 g6 33. Re2 Be8 34. Kh2 Bf7 35. g3 Kg7 36. Rxe5 Qxe5 37. Qe2 Qc3 38. h4 Kg8 39. h5 Qxa3 40. hxg6 hxg6 41. Qc2 Kg7 42. b5 Qb4 43. Qe2 Qd4 44. Kh3 Qa1 45. Kh2 b6 46.
Qe3 Qb2+ 47. Kh3 Qa1 48. Kh2 Qf6 49. g5 Qd6 50. Qd4+ Kg8 51. Qf6 Qxf6 52. gxf6 Be8 53. g4 g5 54. Kg3 Kf7 55. Kf3 Kxf6 56. Ke3 Ke5 0-1

[ePGN "0.1;DGT LiveChess/2.2.5"]